 Dungeon Crawl Stone Soup version 0.29-a0-490-g77b3608 (webtiles) character file.

Game seed: 13123582837100770687

6006 Toastz the Slicer (level 10, -1/68 HPs)
             Began as a Vampire Enchanter on May 26, 2022.
             Was a Believer of Hepliaklqana.
             Slain by a troll (2 damage)
             ... on level 8 of the Dungeon.
             The game lasted 00:28:57 (9289 turns).

Toastz the Slicer (Vampire Enchanter)               Turns: 9289, Time: 00:28:57

Health: -1/68      AC: 13    Str:  7    XL:     10   Next: 56%
Magic:  6/17       EV: 13    Int: 18    God:    Hepliaklqana [**....]
Gold:   351        SH:  5    Dex: 19    Spells: 3/18 levels left

rFire   . . .      SeeInvis +   b - +5 short sword
rCold   . . .      Faith    .   (no shield)
rNeg    . . .      Spirit   .   G - +3 leather armour
rPois   .          Reflect  +   E - +1 helmet
rElec   .          Harm     .   e - +1 cloak
rCorr   .          Rampage  .   K - +0 pair of gloves
Will    +....                   D - +1 pair of boots
Stlth   ++++......              i - amulet of reflection
HPRegen 0.41/turn               (no ring)
MPRegen 0.15/turn               (no ring)

@: healing quickly
A: reduced essence, alive, fangs 3, see invisible, vampiric 2
a: Exsanguinate, Renounce Religion, Recall Ancestor, Ancestor Identity


You were on level 8 of the Dungeon.
You worshipped Hepliaklqana.
Hepliaklqana was pleased with you.
You visited 2 branches of the dungeon, and saw 9 of its levels.
You also visited: Sewer.

You collected 371 gold pieces.
You spent 20 gold pieces at shops.

Inventory:

Hand Weapons
 a - a +1 dagger of protection
 b - a +5 short sword (weapon)
Missiles
 l - 29 poisoned darts (quivered)
 y - 6 javelins
 A - 5 datura-tipped darts
 I - 5 atropa-tipped darts
Armour
 e - a +1 cloak (worn)
 n - a +0 kite shield
 D - a +1 pair of boots (worn)
 E - a +1 helmet (worn)
 F - a +1 robe of positive energy
 G - a +3 leather armour (worn)
 K - a +0 pair of gloves (worn)
Jewellery
 i - an amulet of reflection (around neck)
 x - a ring of protection from fire
 J - an amulet of magic regeneration
Scrolls
 h - 3 scrolls of poison
 j - 4 scrolls of teleportation
 k - a scroll of amnesia
 m - 2 scrolls of fear
 o - 2 scrolls of silence
 p - 2 scrolls of blinking {unknown}
 r - 4 scrolls of fog
 t - a scroll of torment {unknown}
 w - 2 scrolls of enchant weapon
 B - a scroll of vulnerability {unknown}
 L - a scroll of summoning {unknown}
Potions
 c - 2 potions of invisibility
 d - 4 potions of lignification
 f - 3 potions of attraction
 g - 4 potions of resistance
 q - a potion of haste
 s - 2 potions of curing
 u - a potion of ambrosia {unknown}
 v - 2 potions of degeneration {unknown}
 z - a potion of might {unknown}
 C - a potion of cancellation {unknown}
 H - a potion of heal wounds {unknown}


   Skills:
 - Level 6.0 Fighting
 - Level 10.0 Short Blades
 - Level 3.0 Armour
 - Level 4.0 Dodging
 - Level 8.0 Stealth
 + Level 4.7 Spellcasting
 - Level 3.0 Conjurations
 - Level 10.0 Hexes
 - Level 2.3 Ice Magic


You had 3 spell levels left.
You knew the following spells:

 Your Spells              Type           Power      Damage    Failure   Level
a - Ensorcelled Hibernat  Hex/Ice        52%        N/A       2%          2
b - Confusing Touch       Hex            40%        N/A       1%          3
c - Tukima's Dance        Hex            40%        N/A       1%          3
d - Dazzling Flash        Conj/Hex       54%        N/A       4%          3
e - Cause Fear            Hex            20%        N/A       3%          4

Your spell library contained the following spells:

 Spells                   Type           Power      Damage    Failure   Level
 Magic Dart               Conj           60%        1d6       6%          1
 Searing Ray              Conj           30%        2d5       9%          2
 Sting                    Tmut/Pois      16%        1d3       21%         1
 Blink                    Tloc           8%         N/A       30%         2
 Poisonous Vapours        Pois/Air       8%         N/A       30%         2
 Stone Arrow              Conj/Erth      18%        3d8       32%         3
 Fulminant Prism          Conj/Hex       13%        3d9       14%         4
 Animate Armour           Summ/Erth      8%         N/A       89%         4
 Olgreb's Toxic Radiance  Pois           4%         N/A       89%         4
 Irradiate                Conj/Tmut      4%         3d14      96%         5
 Blade Hands              Tmut           2%         N/A       99%         5
 Manifold Assault         Tloc           4%         N/A       99%         5
 Dragon Form              Tmut           2%         N/A       100%        7
 Storm Form               Tmut/Air       2%         N/A       100%        7
 Lehudib's Crystal Spear  Conj/Erth      4%         10d3      100%        8
 Dragon's Call            Summ           2%         N/A       100%        9


Dungeon Overview and Level Annotations

Branches:
Dungeon (8/15)             Temple (1/1) D:4           Sewer (visited)
   Lair: D:8-11

Altars:
Ashenzari
Dithmenos
Hepliaklqana
Okawaru
Qazlal
Vehumet
Yredelemnul
Zin
The Shining One

Shops:
D:3 :?


Innate Abilities, Weirdness & Mutations

Your life essence is reduced to manifest your ancestor. (-10% HP)
Your natural rate of healing is accelerated.
You have razor-sharp teeth.
You have supernaturally acute eyesight. (SInv)
You are afflicted with vampirism and can become a bat while bloodless.


Message History

The troll bites you. The troll barely misses you. The troll claws you.
The wolf closely misses Hsekiu.
Hsekiu blocks the orc priest's attack.
You hit the troll but do no damage.
The troll is lightly wounded.
The hound bites Hsekiu.
Something hits Hsekiu but does no damage.
Hsekiu hits the hound but does no damage.
The wolf misses Hsekiu.
You puncture the troll!
The troll is moderately wounded.
The hound closely misses Hsekiu.
Something hits Hsekiu.
The orc hits you from afar with a +1 trident of freezing.
The orc freezes you.
The orc priest barely misses Hsekiu.
The troll bites you!
* * * LOW HITPOINT WARNING * * *
You block the troll's attack. The troll claws you.
* * * LOW HITPOINT WARNING * * *
Hsekiu blocks the wolf's attack.
The troll is no longer blind.
Something bites Hsekiu but does no damage.
Hsekiu blocks something's attack.
Hsekiu completely misses the troll.
The wolf bites Hsekiu.
Hsekiu blocks the orc priest's attack.
Something bites Hsekiu.
Casting: Dazzling Flash (dangerous; 4% risk of failure)
Confirm with . or Enter, or press ? or * to list all spells.
Okay, then.
Casting: Dazzling Flash (dangerous; 4% risk of failure)
Confirm with . or Enter, or press ? or * to list all spells.
Casting: Cause Fear (dangerous; 3% risk of failure)
Press: ? - help, Dir - look around, f - activate The hound looks frightened!
The hound easily resists.
The troll resists with some effort.
The hound looks frightened!
The wolf looks frightened!
The orc looks frightened!
The orc priest looks frightened!
Something hits Hsekiu but does no damage.
Hsekiu hits the orc with a +0 flail!
The orc dies!
Something bites Hsekiu.
Hsekiu blocks something's attack.
The troll bites you!
* * * LOW HITPOINT WARNING * * *
The troll misses you. The troll claws you.
You die...

#.##............. #.# .
#.##....########.# #.#
.# #.##.##.# .# #.# #.
#.#####.# .## .
#.......# ### ##...####
#.. #...# #.# #...# #.#
#...# #@# #+## #...#
#T#####.....
#...#######)#..o......
#####.......R.h.......
#.##...h[h.≈h.....
#######.##....o..≈≈≈..≈≈
#.....).##...h..≈≈≈≈h≈≈≈
#........')....≈≈≈≈≈≈≈≈≈
#.......##........≈≈≈≈..


You could see the friendly Hsekiu the knight, a troll (ally target), a wolf
(fleeing), a hound (fleeing) and an orc priest (fleeing).

Vanquished Creatures
  Pikel (D:7)
  An ugly thing (D:8)
  Joseph (D:8)
  A hornet (D:7)
  Sigmund (D:5)
  3 yaks (D:6)
  2 water moccasins
  Duvessa (D:7)
  A black bear (D:3)
  An orc warrior (D:7)
  2 ice beasts
  An ogre (D:3)
  2 centaurs
  3 kobold brigands
  3 bullfrogs
  2 necrophages
  5 scorpions
  6 wights
  A howler monkey (D:6)
  3 jellies
  2 hounds
  3 orc priests
  4 iguanas
  4 orc wizards
  Robin (D:2)
  9 adders
  5 dart slugs
  19 orcs
  9 bats
  6 endoplasms
  A giant cockroach (D:1)
  15 goblins
  11 hobgoblins
  8 ball pythons
  7 frilled lizards
  29 kobolds
  14 rats
188 creatures vanquished.

Vanquished Creatures (collateral kills)
  3 yaks (D:6)
  A water moccasin (D:7)
  A centaur (D:7)
  A lemure (D:7)
  3 scorpions
  3 wights (D:7)
  Dowan (D:7)
  A jelly (D:4)
  3 hounds
  7 orc wizards
  An adder (D:6)
  A shadow imp (D:7)
  12 orcs
  An endoplasm (D:4)
  12 kobolds
51 creatures vanquished.

Vanquished Creatures (others)
  2 knights
  2 ancestors (D:6)
  36 plants
40 creatures vanquished.

Grand Total: 279 creatures vanquished

Notes
Turn   | Place    | Note
-------+----------+-------------------------------------------
     0 | D:1      | Toastz the Vampire Enchanter began the quest for the Orb.
     0 | D:1      | Reached XP level 1. HP: 13/13 MP: 3/3
   216 | D:1      | Reached XP level 2. HP: 20/20 MP: 5/5
   239 | D:1      | Learned a level 2 spell: Ensorcelled Hibernation
   414 | D:1      | Reached skill level 1 in Fighting
   878 | D:1      | Gained mutation: You are afflicted with vampirism and can
                  | become a bat while bloodless. [Vampire growth]
   878 | D:1      | Reached XP level 3. HP: 26/26 MP: 6/6
  1330 | D:2      | Learned a level 3 spell: Confusing Touch
  1501 | D:2      | Noticed Robin
  1662 | D:2      | Killed Robin
  1663 | D:2      | Reached skill level 5 in Hexes
  1663 | D:2      | Reached XP level 4. HP: 32/32 MP: 4/7
  2180 | D:3      | Found Akeigy Utucw's Magic Scroll Shop.
  2196 | D:3      | Bought a scroll of identify for 20 gold pieces
  2207 | D:3      | Found Amiutuo's Book Boutique.
  2301 | D:3      | Found a hazy altar of Hepliaklqana.
  2321 | D:3      | Became a worshipper of Hepliaklqana the Forgotten
  2338 | D:3      | Noticed an ogre
  2345 | D:3      | Killed an ogre
  2346 | D:3      | Reached XP level 5. HP: 38/38 MP: 8/8
  2357 | D:3      | Found a faded altar of an unknown god.
  2631 | D:3      | Noticed a black bear
  2635 | D:3      | Killed a black bear
  2636 | D:3      | Reached skill level 5 in Short Blades
  2636 | D:3      | Reached XP level 6. HP: 46/46 MP: 9/9
  2662 | D:3      | Found a glowing drain.
  2667 | Sewer    | Entered a sewer
  2713 | Sewer    | Learned a level 3 spell: Tukima's Dance
  3424 | D:3      | Found a basalt altar of Yredelemnul.
  3433 | D:3      | Found a broken altar of Ashenzari.
  3684 | D:4      | Reached * piety under Hepliaklqana
  3770 | D:4      | Found a staircase to the Ecumenical Temple.
  3856 | D:4      | Reached XP level 7. HP: 44/46 MP: 5/10
  4354 | D:4      | Found a radiant altar of Vehumet.
  4365 | D:4      | Reached skill level 1 in Ice Magic
  4519 | D:4      | Learned a level 3 spell: Dazzling Flash
  4874 | Temple   | Entered the Ecumenical Temple
  4889 | D:5      | Entered Level 5 of the Dungeon
  4899 | D:5      | Noticed Sigmund
  4910 | D:5      | Killed Sigmund
  4911 | D:5      | Reached XP level 8. HP: 36/52 MP: 3/12
  5743 | D:5      | Reached skill level 1 in Conjurations
  6383 | D:6      | Reached ** piety under Hepliaklqana
  6384 | D:6      | Remembered your ancestor Hsekiu as a knight
  6647 | D:6      | Reached XP level 9. HP: 58/58 MP: 13/13
  6666 | D:6      | Found an iron altar of Okawaru.
  6666 | D:6      | Found a shadowy altar of Dithmenos.
  6670 | D:6      | Reached skill level 10 in Short Blades
  6680 | D:6      | Reached skill level 5 in Stealth
  7077 | D:6      | Reached skill level 5 in Fighting
  7848 | D:7      | Paralysed by a hornet for 2 turns
  7870 | D:7      | Reached XP level 10. HP: 23/68 MP: 7/16
  8207 | D:7      | Noticed Duvessa
  8208 | D:7      | Noticed Dowan
  8247 | D:7      | Killed Duvessa
  8251 | D:7      | Killed Dowan
  8353 | D:7      | Noticed Pikel
  8371 | D:7      | Killed Pikel
  8372 | D:7      | Reached skill level 1 in Armour
  8377 | D:7      | Learned a level 4 spell: Cause Fear
  8614 | D:8      | Noticed a red ugly thing
  8617 | D:8      | Killed a red ugly thing
  8759 | D:8      | Reached skill level 10 in Hexes
  9263 | D:8      | Noticed Joseph
  9266 | D:8      | Killed Joseph
  9289 | D:8      | HP: 1/68 [troll (12)]
  9289 | D:8      | Slain by a troll

Illustrated notes

Levels and vault maps discovered:
D:1:      dpeg_arrival_triangle_fractal, layout_basic, minmay_stone_trees_small
D:2:      kennysheep_big_flooded_room, layout_loops_ring, uniq_robin
D:3:      layout_basic, mainiacjoe_overflow_cross_hatched,
          mainiacjoe_overflow_swirl, tso_altar,
          chequers_ecumenical_altar_island, portal_sewer_entry_e, serial_shops,
          shop, nicolae_shop_hallway_stairs, kennysheep_donut,
          roderic_three_in_a_row, minivault_5
D:4:      layout_loops_ring, nicolae_vehumet_radiance,
          minmay_temple_entry_glass, bh_walls_and_bars
D:5:      layout_loops_ring, kennysheep_generic_room_12, uniq_sigmund
D:6:      layout_basic, grunt_temple_overflow_open, st_stairs_10,
          water_maze_lemuel
D:7:      layout_rooms, uniq_pikel, uniq_duvessa
D:8:      kennysheep_kobold_camp, layout_basic, erik_lair_island,
          grunt_ministairs_15, minivault_21, nicolae_shop_sticking_my_neck_out,
          uniq_joseph
Temple:   pdpol_scorched_temple

Skill      XL: |  1  2  3  4  5  6  7  8  9 10 |
---------------+-------------------------------+-----
Short Blades   | 2 3 4 5 6 7 9 10 | 10.0
Fighting       | 1 2 3 4 6 |  6.0
Hexes          | 5 6 7 8 10 | 10.0
Ice Magic      | 2 |  2.3
Spellcasting   | 3 4 |  4.7
Conjurations   | 2 3 |  3.0
Stealth        | 6 8 |  8.0
Dodging        | 4 |  4.0
Armour         | 3 |  3.0

Action                   |  1- 3 |  4- 6 |  7- 9 | 10-12 || total
-------------------------+-------+-------+-------+-------++-------
Melee: Dagger            |   107 |   118 |   314 |    27 ||   566
       Bite              |    10 |    10 |    36 |     7 ||    63
       Punch             |       |     1 |     3 |     1 ||     5
       Short sword       |       |       |       |    54 ||    54
 Cast: Ensorcelled Hiber |    22 |    20 |    31 |    24 ||    97
       Confusing Touch   |       |       |     8 |     1 ||     9
       Tukima's Dance    |       |       |     8 |       ||     8
       Dazzling Flash    |       |       |     9 |     3 ||    12
       Cause Fear        |       |       |       |     3 ||     3
Invok: Ancestor Life: Kn |       |       |     1 |       ||     1
 Abil: Exsanguinate      |     3 |       |       |       ||     3
  Use: Scroll            |     1 |     8 |     4 |     1 ||    14
       Potion            |       |       |       |     2 ||     2
 Stab: Sleeping          |    23 |    23 |    26 |    12 ||    84
       Distracted        |       |     1 |     2 |       ||     3
       Confused          |       |       |     6 |     1 ||     7
       Invisible         |       |       |     9 |     2 ||    11
Armor: Robe              |    54 |    28 |    84 |     3 ||   169
       Leather armour    |       |       |       |    24 ||    24
Dodge: Dodged            |   106 |    55 |   151 |    46 ||   358
Block: Other             |    27 |    23 |    55 |    25 ||   130
       Reflection        |     1 |       |     6 |     3 ||    10

Table legend: (Time is in decaauts)
 A = Elapsed time spent in this place.
 B = Non-inter-level travel time spent in this place.
 C = Inter-level travel time spent in this place.
 D = Time resting spent in this place.
 E = Time spent auto-exploring this place.
 F = Levels seen in this place.
 G = Mean time per level.
                   A        B        C        D        E       F      G
               +--------+--------+--------+--------+--------+-----+--------+
         Total |   9124 |   8544 |    580 |   1257 |   5163 |  10 |  912.4 |
       Dungeon |   8626 |   8046 |    580 |   1257 |   4849 |   8 | 1078.2 |
        Temple |      1 |      1 |      0 |      0 |      0 |   1 |    1.0 |
         Sewer |    496 |    496 |      0 |      0 |    313 |   1 |  496.0 |
               +--------+--------+--------+--------+--------+-----+--------+

Top non-repeatable levels by time:
     D:6: 1569 daAuts
     D:1: 1350 daAuts
     D:3: 1166 daAuts
     D:4: 1120 daAuts
     D:7: 1078 daAuts
     D:5: 966 daAuts
     D:2: 826 daAuts
     D:8: 549 daAuts
   Sewer: 496 daAuts
  Temple: 1 daAuts
